 Dungeon Crawl Stone Soup version 0.26.1-15-g04117e645d (webtiles) character file.

Game seed: 11259728778375653411

1644528 suipiss the Cryomancer (level 27, 176/176 HPs)
             Began as a Deep Elf Ice Elementalist on Jan 5, 2023.
             Was the Champion of Vehumet.
             Escaped with the Orb
             ... and 3 runes on Jan 6, 2023!
             The game lasted 03:39:02 (77902 turns).

suipiss the Cryomancer (Deep Elf Ice Elementalist) Turns: 77902, Time: 03:39:02

Health: 176/176    AC: 27    Str: 28    XL:     27
Magic:  59/59      EV: 27    Int: 32    God:    Vehumet [******]
Gold:   3024       SH:  7    Dex: 22    Spells: 17/68 levels left

rFire    + + +     SeeInvis .   I - +1 flail "Sysuisk" {vorpal, Fragile rF+++ MP+9 Str+5}
rCold    + + .     Faith    .   U - +1 buckler {AC+3}
rNeg     . . .     Spirit   .   R - +5 ice dragon scales "Ywibos" {rF- rC++ Will+ Str+3}
rPois    .         Reflect  .   (no helmet)
rElec    +         Harm     .   S - +0 cloak {rCorr}
rCorr    +         Rampage  .   T - +2 pair of gloves {Dex+3}
Will     ++++.                  Q - +0 pair of boots
Stlth    +.........             V - amulet of Ela Ziwk {Inacc Will+ Int+4 Dex+4}
HPRegen  0.39/turn              h - ring of Qevvystroimp {+Blink rElec Will+ Stlth+}
MPRegen  0.36/turn              q - ring of Seoch {rF+++ Will- Str+9 Stlth+}

@: swift, very quick
A: blink, robust 1
0: Orb of Zot
}: 3/15 runes: decaying, slimy, gossamer
a: Blink, Renounce Religion, Evoke Blink


You escaped.
You worshipped Vehumet.
Vehumet was exalted by your worship.
You visited 10 branches of the dungeon, and saw 50 of its levels.
You also visited: Bailey and Ice Cave.

You collected 6507 gold pieces.
You spent 3483 gold pieces at shops.

Inventory:

Hand Weapons
 G - the +5 morningstar of Duotidir {elec, +Rage rF++ Int+7}
   (You bought it in a shop on level 12 of the Dungeon)

   Occasionally, upon striking a foe, it can discharge electrical energy and
   cause terrible harm.
   It affects your intelligence (+7).
   It greatly protects you from fire.
   It lets you go berserk.
 I - the +1 flail "Sysuisk" (weapon) {vorpal, Fragile rF+++ MP+9 Str+5}
   (You found it on level 3 of the Depths)

   It inflicts extra damage upon your enemies.
   It affects your strength (+5).
   It renders you almost immune to fire.
   It affects your magic capacity (+9).
   It will be destroyed if unequipped.
 P - the +6 dagger of Armageddon {flame, rN++ Str+4}
   (You took it off a deep elf demonologist on level 3 of the Elven Halls)

   It has been specially enchanted to burn those struck by it, causing extra
   injury to most foes and up to half again as much damage against particularly
   susceptible opponents.
   It affects your strength (+4).
   It greatly protects you from negative energy.
Armour
 n - a +2 robe of the Archmagi
 B - the +2 ratskin cloak {*Rats rPois rN+ Str-1 Int-1 Dex+1}
   (You found it on level 4 of the Depths)

   It affects your strength (-1).
   It affects your intelligence (-1).
   It affects your dexterity (+1).
   It protects you from poison.
   It protects you from negative energy.
 M - a +1 robe of positive energy
 N - the +3 hat of Pondering {ponderous, Will+ MP+10 Int+5}
   (You found it on level 5 of the Pits of Slime)

   It affects your intelligence (+5).
   It affects your willpower, your defense against some magical effects.
   It affects your magic capacity (+10).
 Q - a +0 pair of boots (worn)
 R - the +5 ice dragon scales "Ywibos" (worn) {rF- rC++ Will+ Str+3}
   (You found it in an ice cave)

   It affects your strength (+3).
   It makes you vulnerable to fire.
   It greatly protects you from cold.
   It affects your willpower, your defense against some magical effects.
 S - a +0 cloak of preservation (worn)
 T - a +2 pair of gloves of dexterity (worn)
 U - a +1 buckler of protection (worn)
Jewellery
 d - a +6 ring of intelligence
 h - the ring of Qevvystroimp (left hand) {+Blink rElec Will+ Stlth+}
   (You found it on level 3 of the Elven Halls)

   [ring of stealth]

   It insulates you from electricity.
   It affects your willpower, your defense against some magical effects.
   It lets you blink.
   It makes you more stealthy.
 m - the ring "Wavid" {+Inv rC- AC+4 Int+4 SInv}
   (You found it on level 3 of the Depths)

   [ring of protection]

   It affects your AC (+4).
   It affects your intelligence (+4).
   It makes you vulnerable to cold.
   It lets you see invisible.
   It lets you turn invisible.
 p - an uncursed ring of resist corrosion
 q - the ring of Seoch (right hand) {rF+++ Will- Str+9 Stlth+}
   (You found it on level 13 of the Dungeon)

   [ring of stealth]

   It affects your strength (+9).
   It renders you almost immune to fire.
   It affects your willpower, your defense against some magical effects.
   It makes you more stealthy.
 C - a +6 ring of intelligence
 D - the ring of Sueseask {Ice Slay+2 Stlth+}
   (You found it on level 1 of the Realm of Zot)

   [ring of ice]

   It enhances your ice magic.
   It affects your accuracy and damage with ranged weapons and melee attacks
   (+2).
   It makes you vulnerable to fire.
   It protects you from cold.
   It makes you more stealthy.
 V - the amulet of Ela Ziwk (around neck) {Inacc Will+ Int+4 Dex+4}
   (You bought it in a shop on level 2 of the Orcish Mines)

   [amulet of inaccuracy]

   It reduces the accuracy of all your attacks.
   It affects your intelligence (+4).
   It affects your dexterity (+4).
   It affects your willpower, your defense against some magical effects.
Wands
 t - a wand of digging (54)
 H - a wand of acid (69)
 O - a wand of polymorph (54)
Scrolls
 a - a scroll of amnesia
 b - 19 scrolls of teleportation
 e - 8 scrolls of immolation
 f - 26 scrolls of remove curse
 l - 10 scrolls of fear
 o - 9 scrolls of magic mapping
 w - 3 scrolls of summoning
 x - 10 scrolls of blinking
 y - 3 scrolls of holy word
 A - 7 scrolls of identify
 L - 5 scrolls of enchant weapon
 W - 2 scrolls of torment
 X - 3 scrolls of fog
Potions
 c - 8 potions of lignification
 g - 2 potions of resistance
 i - 9 potions of mutation
 r - 17 potions of curing
 s - 5 potions of heal wounds
 v - 6 potions of flight
 F - 3 potions of might
 J - a potion of cancellation
 Y - a potion of berserk rage
Miscellaneous
 z - a lightning rod (2/4)
 E - a condenser vane


   Skills:
 + Level 13.3 Fighting
 - Level 10.0 Armour
 - Level 19.1 Dodging
 - Level 2.4 Stealth
 - Level 4.0 Shields
 + Level 21.2 Spellcasting
 - Level 14.0 Conjurations
 - Level 3.0 Hexes
 - Level 20.0 Summonings
 + Level 17.3 Necromancy
 - Level 11.0 Translocations
 + Level 14.3 Transmutations
 - Level 24.2 Ice Magic


You had 17 spell levels left.
You knew the following spells:

 Your Spells              Type           Power        Failure   Level
a - Freeze                Ice            100%         0%          1
b - Malign Gateway        Summ/Tloc      46%          3%          7
c - Ozocubu's Armour      Ice            100%         0%          3
d - Summon Mana Viper     Hex/Summ       82%          1%          5
e - Hailstorm             Conj/Ice       100%         0%          4
f - Absolute Zero         Ice            56%          2%          9
g - Blink                 Tloc           N/A          1%          2
h - Fireball              Conj/Fire      34%          1%          5
i - Ozocubu's Refrigerat  Ice            56%          0%          6
j - Orb of Destruction    Conj           44%          1%          7
k - Swiftness             Air            33%          3%          2

Your spell library contained the following spells:

 Spells                   Type           Power        Failure   Level
 Ignition                 Fire           16%          100%        8
 Shatter                  Erth           16%          100%        9
 Beastly Appendage        Tmut           100%         0%          1
 Magic Dart               Conj           100%         0%          1
 Summon Small Mammal      Summ           100%         0%          1
 Call Imp                 Summ           100%         0%          2
 Ensorcelled Hibernation  Hex/Ice        100%         0%          2
 Wereblood                Tmut           90%          0%          2
 Call Canine Familiar     Summ           100%         0%          3
 Frozen Ramparts          Ice            100%         0%          3
 Ice Form                 Ice/Tmut       100%         0%          4
 Summon Ice Beast         Ice/Summ       100%         0%          4
 Summon Demon             Summ           52%          0%          5
 Corona                   Hex            57%          1%          1
 Foxfire                  Conj/Fire      100%         1%          1
 Sandblast                Erth           66%          1%          1
 Shock                    Conj/Air       100%         1%          1
 Sting                    Tmut/Pois      100%         1%          1
 Passwall                 Tmut/Erth      56%          1%          2
 Slow                     Hex            52%          1%          2
 Confusing Touch          Hex            52%          1%          3
 Conjure Flame            Conj/Fire      68%          1%          3
 Dazzling Flash           Conj/Hex       100%         1%          3
 Ignite Poison            Fire/Tmut/Pois 59%          1%          3
 Inner Flame              Hex/Fire       43%          1%          3
 Mephitic Cloud           Conj/Pois/Air  59%          1%          3
 Portal Projectile        Hex/Tloc       100%         1%          3
 Spider Form              Tmut/Pois      34%          1%          3
 Static Discharge         Conj/Air       68%          1%          3
 Stone Arrow              Conj/Erth      100%         1%          3
 Summon Guardian Golem    Hex/Summ       82%          1%          3
 Tukima's Dance           Hex            52%          1%          3
 Passage of Golubria      Tloc           N/A          1%          4
 Petrify                  Tmut/Erth      68%          1%          4
 Summon Lightning Spire   Summ/Air       78%          1%          4
 Agony                    Necr           98%          1%          5
 Blade Hands              Tmut           45%          1%          5
 Borgnjor's Vile Clutch   Necr/Erth      36%          1%          5
 Excruciating Wounds      Necr           49%          1%          5
 Irradiate                Conj/Tmut      45%          1%          5
 Iskenderun's Battlesphe  Conj           89%          1%          5
 Lightning Bolt           Conj/Air       34%          1%          5
 Metabolic Englaciation   Hex/Ice        44%          1%          5
 Summon Forest            Summ/Tloc      46%          1%          5
 Yara's Violent Unravell  Hex/Tmut       37%          1%          5
 Freezing Cloud           Conj/Ice/Air   43%          1%          6
 Shadow Creatures         Summ           N/A          1%          6
 Simulacrum               Ice/Necr       52%          1%          6
 Spellforged Servitor     Conj/Summ      48%          1%          7
 Bolt of Magma            Conj/Fire/Erth 29%          2%          5
 Poisonous Vapours        Pois/Air       66%          3%          2
 Dragon Form              Tmut           45%          4%          7
 Airstrike                Air            16%          5%          4
 Olgreb's Toxic Radiance  Pois           33%          5%          4
 Conjure Ball Lightning   Conj/Air       34%          5%          6
 Iron Shot                Conj/Erth      34%          5%          6
 Cause Fear               Hex            26%          6%          4
 Leda's Liquefaction      Hex/Erth       21%          11%         4
 Lee's Rapid Deconstruct  Erth           16%          16%         5
 Silence                  Hex/Air        21%          30%         5
 Dragon's Call            Summ           52%          50%         9
 Invisibility             Hex            52%          67%         6
 Tornado                  Air            16%          100%        9


Dungeon Overview and Level Annotations

Branches:
Dungeon (15/15)            Temple (1/1) D:5            Lair (6/6) D:8
  Swamp (4/4) Lair:3       Spider (4/4) Lair:4        Slime (5/5) Lair:5
    Orc (2/2) D:10            Elf (3/3) Orc:2        Vaults (0/5) D:13
 Depths (5/5) D:15            Zot (5/5) Depths:5     Bailey (visited)
  IceCv (visited)

Altars:
Ashenzari
Cheibriados
Dithmenos
Elyvilon
Fedhas
Gozag
Hepliaklqana
Makhleb
Nemelex Xobeh
Okawaru
Qazlal
Ru
Sif Muna
Trog
Uskayaw
Vehumet
Wu Jian
Xom
Yredelemnul
The Shining One
Beogh

Shops:
D:7 (*[[(   D:10 (   D:11 (   D:12 (   D:13 *   D:14 (   D:15 =   Orc:2 [*(:[::
Depths:4 !

Portals:
Hell: Depths:1 Depths:2 Depths:3 Depths:4 Depths:5
Abyss: Depths:3 Depths:4 Depths:5
Pandemonium: Depths:2 Depths:3
Ziggurat: Depths:2

Annotations:
Depths:1 3 runed translucent doors, Padduona's ghost, adept MiFi


Innate Abilities, Weirdness & Mutations

You can translocate small distances at will.
You are robust. (+10% HP)


Message History

You climb upwards.
There is a stone staircase leading down here.
There is a stone staircase leading up here.
You climb upwards.
There is a stone staircase leading down here.
There is a stone staircase leading up here.
You climb upwards.
There is a stone staircase leading down here.
There is a stone staircase leading up here.
You climb upwards.
A red devil, a balrug and a sun demon come into view.
The balrug is wielding a +2 demon whip of pain.
There is a stone staircase leading down here.
Casting: Absolute Zero (dangerous; 2% risk of failure)
Confirm with . or Enter, or press ? or * to list all spells.
You feel quick.
You see here 16 arrows.
There is an open door here.
There is a staircase leading out of the dungeon here.
You have escaped!

#.###..###...##...#..)########
#.#...........##..#...##.>...##
..#.##...#.....#..#.([........###
....#.(#.#...8.#..#............##
..###.##......)#..#............##
..#...####....##..#.........)..##
#......#>....##...#..............
#............#....#............##
..........2.43..@.'............##
##...........#....#...........###
##...........##...#..........## #
..............##..#.##..###.## ##
#..#...#(......#..#.##......# ##.
#..#######...8.#..#.....##### #..
#..#######...(.#..#....########..
##......†.....##..#..>.......##..
#..######...##...#..#.########.†


You could see a balrug, a sun demon and a red devil.

Vanquished Creatures
  the Royal Jelly (Slime:5)
  A seraph (Zot:3)
  7 orbs of fire
  9 ancient liches (Zot:5)
  3 Killer Klowns (Zot:5)
  Bai Suzhen (Swamp:4)
  2 curse toes
  Saint Roka (Elf:3)
  A caustic shrike (Depths:3)
  3 pandemonium lords
  14 golden dragons
  2 Tzitzimimeh
  3 electric golems
  Jorgrun (Elf:1)
  3 liches
  An Ice Fiend (Depths:3)
  Rupert (D:14)
  25 Orb Guardians (Zot:5)
  20 tentacled monstrosities
  3 quicksilver dragons
  2 deep elf master archers (Elf:3)
  22 acid blobs
  2 deep elf blademasters (Elf:3)
  The ghost of suipiss the Sorcerer, an adept DEIE of Ashenzari (Elf:3)
  11 death cobs
  Gastronok (Lair:1)
  Kirke (Swamp:2)
  4 shadow dragons
  5 thorn hunters
  7 storm dragons
  5 draconian monks
  Roxanne (D:15)
  19 azure jellies
  A daeva (Zot:3)
  4 fire giants
  3 tengu reavers
  A fenstrider witch (Swamp:3)
  9 draconian scorchers
  The ghost of lake5 the Geomancer, an adept GrEE of Vehumet (Elf:1)
  A frost giant (Depths:5)
  A cacodemon (Depths:3)
  8 ghost moths
  An orc warlord (Orc:2)
  3 emperor scorpions
  5 draconian shifters
  Louise (Swamp:2)
  5 deep elf elementalists
  Aizul (Elf:2)
  5 deep elf sorcerers
  11 draconian knights
  An angel (Zot:3)
  2 spriggan defenders
  8 draconian stormcallers
  A hydra skeleton (Swamp:4)
  3 draconian annihilators (Zot:1)
  21 very ugly things
  12 stone giants
  13 green draconians
  5 vampire knights
  9 deep elf demonologists
  2 bunyips
  14 black draconians
  11 white draconians
  13 purple draconians
  3 entropy weavers
  6 deep elf annihilators
  14 yellow draconians
  2 green deaths
  10 spark wasps
  12 red draconians
  2 eleionomae
  4 fire dragons
  4 deep elf death magi
  5 yaktaur captains
  8 death oozes
  3 deep elf high priests
  6 ettins
  A shambling mangrove (Swamp:4)
  3 jiangshi (Depths:2)
  A rakshasa (D:15)
  11 great orbs of eyes
  10 ice dragons
  Erolcha (D:12)
  3 vault guards (D:13)
  4 spriggan air magi
  A hell beast (Depths:1)
  A monstrous demonspawn (Depths:2)
  13 hydras
  2 ghost crabs
  6 centaur warriors
  4 boulder beetles
  Erica (D:9)
  26 two-headed ogres
  4 catoblepae
  7 ogre magi
  14 alligators
  31 dancing weapons
  7 tengu warriors
  14 death yaks
  8 deep troll earth magi
  5 deep troll shamans
  2 vampire magi
  An orc high priest (Orc:2)
  6 spriggan berserkers
  A soul eater (Depths:2)
  6 hell knights (Depths:1)
  Nergalle (D:12)
  2 sixfirhies (Depths:3)
  A fire crab (shapeshifter) (Depths:3)
  4 iron trolls (Depths:3)
  19 deep elf knights
  2 skeletal warriors (D:15)
  A cherub (Zot:3)
  3 goliath frogs
  3 unseen horrors
  A gelid demonspawn (Depths:3)
  A flayed ghost (Depths:5)
  3 bog bodies
  2 glowing orange brains (Depths:2)
  4 spriggan druids
  14 deep trolls
  6 swamp dragons (Swamp:4)
  12 deep elf archers
  A wolf spider zombie (D:15)
  A wizard (D:13)
  4 spectral hydras (Swamp:4)
  5 necromancers
  6 oklob plants
  12 orb spiders
  A mana viper (shapeshifter) (Depths:4)
  6 orc knights
  18 wolf spiders
  48 deep elf magi
  4 orc sorcerers
  A faun (shapeshifter) (D:14)
  A frost giant zombie (D:15)
  A cyclops (D:11)
  8 shining eyes
  A will-o-the-wisp (Swamp:1)
  19 ugly things
  3 manticores
  27 moths of wrath
  A black mamba (shapeshifter) (Depths:4)
  2 smoke demons
  5 black mambas
  6 elephants
  2 rust devils (Depths:3)
  11 cane toads
  3 ice statues (IceCv)
  2 torpor snails
  3 eyes of devastation
  2 centaur skeletons
  22 yaktaurs
  11 komodo dragons
  An efreet (D:13)
  A yaktaur (shapeshifter) (Depths:3)
  14 demonic crawlers
  7 rime drakes
  A komodo dragon (shapeshifter) (Elf:3)
  3 freezing wraiths
  2 tengu conjurers (Depths:2)
  A hydra zombie (Swamp:4)
  2 ice devils (Depths:2)
  3 death drake zombies (Swamp:4)
  2 bloated husks
  A jumping spider (shapeshifter) (Depths:2)
  2 polar bears (shapeshifter)
  3 polar bears
  17 hornets
  4 trolls
  28 jumping spiders
  A nameless horror (Spider:2)
  9 tyrant leeches
  2 wind drakes (shapeshifter) (Depths:3)
  A death drake skeleton (Swamp:4)
  A dream sheep (Lair:3)
  A harpy skeleton (D:15)
  82 slime creatures
  25 blink frogs
  A deep troll zombie (D:15)
  An ettin zombie (D:15)
  A spriggan zombie (D:15)
  Sigmund (D:6)
  3 air elementals
  70 redbacks
  8 spriggans
  A ynoxinul (D:6)
  23 humans
  3 wyverns
  49 yaks
  4 basilisks
  16 tarantellas
  A yak (shapeshifter) (Depths:4)
  A human (shapeshifter) (D:15)
  5 water elementals
  19 golden eyes
  4 hogs (Swamp:2)
  A fire elemental (Elf:1)
  A steam dragon (D:10)
  15 swamp worms
  A neqoxec (D:10)
  2 soldier ants
  2 wargs (Elf:3)
  Duvessa (D:7)
  An acid dragon (D:11)
  16 water moccasins
  40 orc warriors
  2 hydra simulacra (Swamp:4)
  2 floating eyes
  2 black bears
  A black bear (shapeshifter) (Depths:1)
  5 swamp drakes
  12 eyes of draining
  4 phantoms
  8 ice beasts
  10 sky beasts
  18 ogres
  A tengu (shapeshifter) (Depths:3)
  2 swamp dragon zombies (Swamp:4)
  10 centaurs
  27 wolves
  2 small abominations
  5 big kobolds
  18 bullfrogs
  Dowan (D:7)
  3 earth elementals
  A gnoll sergeant (D:7)
  2 wyvern skeletons
  6 scorpions
  15 killer bees
  19 wights
  4 howler monkeys
  6 electric eels
  A centaur zombie (D:8)
  3 quasits
  2 crimson imps (Depths:3)
  2 bullfrog zombies
  7 hounds
  A jelly (D:6)
  2 bullfrog skeletons
  17 orc priests
  A gnoll shaman (D:5)
  An iron imp (Depths:3)
  22 orc wizards
  Crazy Yiuf (D:7)
  2 iguanas
  15 worker ants
  A hound zombie (D:5)
  4 hound skeletons
  8 adders
  15 gnolls
  A shadow imp (D:8)
  3 white imps
  3 ufetubi
  2 adder skeletons
  2 worms
  2 dart slugs
  3 leopard geckos
  87 orcs
  2 bats
  2 giant cockroaches
  9 goblins
  9 hobgoblins
  13 jackals
  7 quokkas
  7 frilled lizards
  2 jackal skeletons
  18 kobolds
  7 rats
  2 blocks of ice
  17 briar patches (Swamp:2)
  A butterfly (Lair:3)
  A plant (Lair:4)
1944 creatures vanquished.

Vanquished Creatures (collateral kills)
  An ancient lich (Zot:5)
  An acid blob (Slime:5)
  4 emperor scorpions (Spider:4)
  A ghost moth (Spider:4)
  A red draconian (Zot:5)
  A deep elf mage (Elf:3)
  2 wolf spiders
  A black mamba (Lair:4)
  Joseph (D:7)
  A demonic crawler (Spider:4)
  A rime drake (Lair:5)
  2 jumping spiders (Spider:4)
  A redback (Spider:1)
  A tarantella (Spider:4)
  A wyvern (D:8)
  A yak (D:10)
  A human (D:8)
  An ice beast (D:9)
  2 phantoms
  2 ogres
  A bullfrog (D:7)
  A wyvern zombie (D:7)
  8 wights
  2 centaur zombies
  A bullfrog zombie (D:10)
  A hound (D:6)
  A bullfrog skeleton (D:9)
  A worker ant (D:5)
  A hound zombie (D:7)
  A howler monkey zombie (D:7)
  An adder (D:7)
  A white imp (D:7)
  4 orcs (D:8)
  A quokka (D:6)
  4 kobolds (D:7)
56 creatures vanquished.

Vanquished Creatures (others)
  4 eldritch tentacles
  A draconian stormcaller (Zot:4)
  A jumping spider (Spider:4)
  An orc wizard (D:11)
  509 blocks of ice
  4 foxfires (Swamp:1)
  120 fungi
  182 plants
  17 withered plants (D:15)
839 creatures vanquished.

Grand Total: 2839 creatures vanquished

Notes
Turn   | Place    | Note
-------+----------+-------------------------------------------
     0 | D:1      | suipiss the Deep Elf Ice Elementalist began the quest for
                  | the Orb.
     0 | D:1      | Reached XP level 1. HP: 10/10 MP: 6/6
   186 | D:1      | Reached XP level 2. HP: 12/15 MP: 6/8
   543 | D:1      | Reached skill level 1 in Summonings
   663 | D:1      | Reached XP level 3. HP: 8/19 MP: 5/10
   950 | D:1      | Learned a level 3 spell: Frozen Ramparts
   954 | D:1      | Learned a level 3 spell: Ozocubu's Armour
  1147 | D:2      | Reached skill level 5 in Ice Magic
  1745 | D:3      | Reached XP level 4. HP: 24/24 MP: 7/12
  2047 | D:3      | Found a broken altar of Ashenzari.
  2105 | D:3      | Reached skill level 5 in Spellcasting
  2219 | D:3      | Learned a level 4 spell: Summon Ice Beast
  2225 | D:3      | Reached XP level 5. HP: 28/28 MP: 10/14
  2723 | D:3      | Found a snail-covered altar of Cheibriados.
  2905 | D:4      | Reached skill level 6 in Ice Magic
  3048 | D:4      | Learned a level 4 spell: Hailstorm
  3230 | D:4      | Reached XP level 6. HP: 32/32 MP: 11/16
  4333 | D:5      | Entered Level 5 of the Dungeon
  4333 | D:5      | Found a staircase to the Ecumenical Temple.
  4357 | Temple   | Entered the Ecumenical Temple
  4518 | Temple   | Became a worshipper of Vehumet
  4556 | D:5      | Noticed a sky beast
  4565 | D:5      | Killed a sky beast
  4566 | D:5      | Reached skill level 7 in Ice Magic
  4566 | D:5      | Reached XP level 7. HP: 36/36 MP: 4/19
  5535 | D:6      | Noticed Sigmund
  5542 | D:6      | Killed Sigmund
  5631 | D:6      | Reached XP level 8. HP: 35/41 MP: 6/22
  5788 | D:6      | Reached skill level 8 in Ice Magic
  5911 | D:6      | Reached * piety under Vehumet
  5911 | D:6      | Offered knowledge of Magic Dart by Vehumet.
  6166 | D:6      | Reached skill level 1 in Shields
  7467 | D:6      | Reached skill level 5 in Summonings
  7902 | D:7      | Found Beodyisy's Antique Weapon Shoppe.
  7916 | D:7      | Reached skill level 9 in Ice Magic
  7917 | D:7      | Reached XP level 9. HP: 45/45 MP: 11/24
  8006 | D:7      | Found Hiacuhuf's Armour Boutique.
  8266 | D:7      | Reached skill level 10 in Spellcasting
  8785 | D:7      | Offered knowledge of Shock by Vehumet.
  8794 | D:7      | Reached ** piety under Vehumet
  8967 | D:7      | Noticed Dowan
  8967 | D:7      | Noticed Duvessa
  8974 | D:7      | Killed Duvessa
  8974 | D:7      | Killed Dowan
  9081 | D:7      | Found Juecenk's Antique Armour Emporium.
  9090 | D:7      | Noticed Joseph
  9121 | D:7      | Found Lofer's General Store.
  9130 | D:7      | Killed Joseph
  9249 | D:7      | Bought a pair of embroidered boots for 210 gold pieces
  9259 | D:7      | Found Dala's Antique Weapon Shoppe.
  9568 | D:7      | Reached skill level 10 in Ice Magic
 10003 | D:7      | Found a runed translucent door.
 10004 | D:7      | Noticed Crazy Yiuf
 10312 | D:7      | Killed Crazy Yiuf
 10646 | D:8      | Learned a level 4 spell: Summon Lightning Spire
 10759 | D:8      | Reached XP level 10. HP: 50/50 MP: 10/27
 11148 | D:8      | Reached skill level 11 in Ice Magic
 11149 | D:8      | Offered knowledge of Ignite Poison by Vehumet.
 11454 | D:8      | Reached *** piety under Vehumet
 11883 | D:8      | Noticed a brown ugly thing
 11889 | D:8      | Killed a brown ugly thing
 12191 | D:8      | Found a staircase to the Lair.
 12637 | D:9      | Reached skill level 12 in Ice Magic
 12750 | D:9      | Found a stormy altar of Qazlal.
 12946 | D:9      | Noticed Erica
 12949 | D:9      | Killed Erica
 13018 | D:9      | Offered knowledge of Inner Flame by Vehumet.
 13040 | D:9      | Got a crystal mace
 13042 | D:9      | Identified the +5 mace of the Demagogue {venom, rF+ Str+3}
                  | (You found it on level 9 of the Dungeon)
 13435 | D:9      | Learned a level 2 spell: Blink
 13561 | D:9      | Reached XP level 11. HP: 54/54 MP: 23/30
 13643 | D:9      | Learned a level 4 spell: Cause Fear
 13952 | D:10     | Entered Level 10 of the Dungeon
 13960 | D:10     | Reached **** piety under Vehumet
 14099 | D:10     | Reached skill level 1 in Hexes
 14336 | D:10     | Found Iduver's Weapon Shop.
 14354 | D:10     | Found a blossoming altar of Fedhas.
 14521 | D:10     | Reached skill level 1 in Conjurations
 14614 | D:10     | Offered knowledge of Lightning Bolt by Vehumet.
 14777 | D:10     | Reached skill level 13 in Ice Magic
 15171 | D:10     | Found a staircase to the Orcish Mines.
 15214 | D:10     | Found a roughly hewn altar of Beogh.
 15292 | D:11     | Noticed a centaur warrior
 15295 | D:11     | Killed a centaur warrior
 15301 | D:11     | Found Goaging's Antique Weapon Emporium.
 15785 | D:11     | Noticed a two-headed ogre
 15793 | D:11     | Killed a two-headed ogre
 15951 | D:11     | Reached ***** piety under Vehumet
 15951 | D:11     | Offered knowledge of Ozocubu's Refrigeration by Vehumet.
 15962 | D:11     | Learned a level 6 spell: Ozocubu's Refrigeration
 16165 | D:11     | Reached skill level 5 in Conjurations
 16402 | D:11     | Noticed an unseen horror
 16404 | D:11     | Killed an unseen horror
 17076 | Orc:1    | Entered Level 1 of the Orcish Mines
 17083 | Orc:1    | Reached skill level 14 in Ice Magic
 17356 | Orc:1    | Noticed an orc knight
 17358 | Orc:1    | Killed an orc knight
 17873 | Orc:2    | Entered Level 2 of the Orcish Mines
 17873 | Orc:2    | Found a staircase to the Elven Halls.
 18002 | Orc:2    | Found Lacvez's Antique Armour Shop.
 18093 | Orc:2    | Found Qoisa's Book Shop.
 18096 | Orc:2    | Found Dofronk's Book Emporium.
 18137 | Orc:2    | Reached XP level 12. HP: 59/59 MP: 25/32
 18254 | Orc:2    | Found a roughly hewn altar of Beogh.
 18254 | Orc:2    | Noticed an orc high priest
 18254 | Orc:2    | Noticed an orc warlord
 18257 | Orc:2    | Killed an orc high priest
 18258 | Orc:2    | Killed an orc warlord
 18259 | Orc:2    | Reached skill level 15 in Ice Magic
 18471 | Orc:2    | Found Xithig's Book Shop.
 18635 | Orc:2    | Found Ityezu Vasimm's General Store.
 18651 | Orc:2    | Found Rerupp's Antique Armour Shop.
 18663 | Orc:2    | Found Galuppuv's Antique Weapon Shop.
 19080 | Orc:2    | Bought a scroll of identify for 30 gold pieces
 19080 | Orc:2    | Bought the amulet of Ela Ziwk {Inacc Will+ Int+4 Dex+4} for
                  | 388 gold pieces
 19095 | Orc:2    | Learned a level 7 spell: Orb of Destruction
 19095 | Orc:2    | Bought a scroll of identify for 30 gold pieces
 19160 | Orc:2    | Bought a pair of runed boots for 180 gold pieces
 19248 | Orc:2    | Bought a polished ring mail for 216 gold pieces
 19248 | Orc:2    | Bought a runed robe for 88 gold pieces
 19268 | Orc:2    | Identified the +0 ring mail of Disaster {rPois rC++ Str-5
                  | Stlth+} (You bought it in a shop on level 2 of the Orcish
                  | Mines)
 19372 | Lair:1   | Entered Level 1 of the Lair of Beasts
 19555 | Lair:1   | Got a steaming halberd
 19624 | Lair:1   | Noticed an ice dragon
 19632 | Lair:1   | Killed an ice dragon
 19633 | Lair:1   | Reached skill level 1 in Armour
 20573 | Lair:1   | Noticed Gastronok
 20578 | Lair:1   | Killed Gastronok
 20579 | Lair:1   | Reached skill level 10 in Conjurations
 21030 | Lair:2   | Reached XP level 13. HP: 63/63 MP: 17/33
 21864 | Lair:2   | Reached skill level 16 in Ice Magic
 22388 | Lair:3   | Offered knowledge of Airstrike by Vehumet.
 23214 | Lair:3   | Reached skill level 5 in Armour
 23860 | Lair:3   | Found a staircase to the Swamp.
 24110 | Lair:4   | Found a hole to the Spider Nest.
 25106 | Lair:4   | Reached XP level 14. HP: 68/68 MP: 23/34
 26149 | Lair:5   | Found a staircase to the Slime Pits.
 26162 | Lair:5   | Reached skill level 17 in Ice Magic
 26777 | Lair:5   | Found a transporter.
 26779 | Lair:5   | Found a transporter.
 26977 | Lair:6   | Entered Level 6 of the Lair of Beasts
 27350 | Lair:6   | Offered knowledge of Freezing Cloud by Vehumet.
 27361 | Lair:6   | Learned a level 6 spell: Freezing Cloud
 28898 | D:12     | Found Wayts's Antique Weapon Shop.
 28971 | D:12     | Found a flagged portal.
 28982 | Bailey   | Entered a bailey
 29220 | Bailey   | Identified the Almanac of Ice
 29267 | D:12     | Noticed Nergalle
 29269 | D:12     | Killed Nergalle
 29936 | D:12     | Noticed Erolcha
 29938 | D:12     | Killed Erolcha
 29939 | D:12     | Reached XP level 15. HP: 72/72 MP: 23/35
 30140 | D:12     | Reached skill level 18 in Ice Magic
 30845 | D:13     | Found Seredgh's Superlative Supplies.
 30854 | D:13     | Got an ancient ring mail
 30881 | D:13     | Identified the +4 ring mail of Hor Yxzyo {Str+4} (You found
                  | it on level 13 of the Dungeon)
 31099 | D:13     | Offered knowledge of Fireball by Vehumet.
 31343 | D:13     | Found a gate to the Vaults.
 31379 | D:13     | Got a crude pewter ring
 31381 | D:13     | Identified the ring of Seoch {rF+++ Will- Str+9 Stlth+}
                  | (You found it on level 13 of the Dungeon)
 31518 | D:13     | Found the +27 Lear's hauberk
 32230 | D:14     | You fall into a shaft and drop 1 floor!
 32230 | D:15     | Entered Level 15 of the Dungeon
 32234 | D:15     | Found a frozen archway.
 32251 | IceCv    | Entered an ice cave
 32261 | IceCv    | Learned a level 5 spell: Fireball
 32316 | IceCv    | Reached skill level 19 in Ice Magic
 32855 | IceCv    | Identified the Volume of the Fetching Entourage
 32883 | IceCv    | Got smelly ice dragon scales
 32894 | IceCv    | Identified the +5 ice dragon scales "Ywibos" {rF- rC++
                  | Will+ Str+3} (You found it in an ice cave)
 33456 | D:15     | Found a staircase to the Depths.
 33635 | D:15     | Found Fivargheno's Jewellery Boutique.
 33811 | D:15     | Identified Roxanne's Compendium of Transmigration
 33811 | D:15     | Noticed Roxanne
 33817 | D:15     | Killed Roxanne
 34245 | D:15     | Found a bloodstained altar of Trog.
 34458 | D:15     | Reached skill level 20 in Ice Magic
 35059 | D:14     | Found Juv Oneshre's Antique Weapon Shoppe.
 35407 | D:14     | Learned a level 7 spell: Spellforged Servitor
 35882 | D:14     | Reached skill level 1 in Necromancy
 35882 | D:14     | Noticed Rupert
 35885 | D:14     | Offered knowledge of Starburst by Vehumet.
 35886 | D:14     | Killed Rupert
 35887 | D:14     | Reached skill level 1 in Fighting
 36548 | Swamp:1  | Entered Level 1 of the Swamp
 36551 | Swamp:1  | Reached XP level 16. HP: 79/79 MP: 31/36
 37998 | Swamp:2  | Noticed a thorn hunter
 38002 | Swamp:2  | Killed a thorn hunter
 38355 | Swamp:2  | Noticed Kirke
 38359 | Swamp:2  | Killed Kirke
 38517 | Swamp:2  | Noticed Louise
 38520 | Swamp:2  | Killed Louise
 39363 | Swamp:3  | Reached skill level 5 in Dodging
 39589 | Swamp:3  | Noticed a thorn hunter
 39592 | Swamp:3  | Killed a thorn hunter
 40160 | Swamp:4  | Entered Level 4 of the Swamp
 40307 | Swamp:4  | Noticed Bai Suzhen
 40584 | Spider:1 | Entered Level 1 of the Spider Nest
 41294 | Orc:2    | Bought the Papyrus of Hexes and the Birds for 975 gold
                  | pieces
 41302 | Orc:2    | Learned a level 5 spell: Summon Mana Viper
 41654 | Spider:1 | Reached skill level 5 in Necromancy
 41941 | Spider:1 | Reached ****** piety under Vehumet
 42237 | Spider:1 | Offered knowledge of Conjure Ball Lightning by Vehumet.
 43342 | Spider:2 | Reached XP level 17. HP: 88/88 MP: 16/37
 43739 | Spider:2 | Reached skill level 21 in Ice Magic
 44717 | Spider:2 | Got a heavily runed iron amulet
 44735 | Spider:2 | Identified the amulet "Cinol" {Acrobat Dex+5} (You found it
                  | on level 2 of the Spider Nest)
 46690 | Spider:4 | Entered Level 4 of the Spider Nest
 46880 | Spider:4 | Reached skill level 10 in Summonings
 47438 | Spider:4 | Offered knowledge of Chain Lightning by Vehumet.
 47910 | Spider:4 | Reached skill level 10 in Armour
 49106 | Spider:4 | Reached skill level 5 in Fighting
 49316 | Spider:4 | Got a gossamer rune of Zot
 49709 | D:12     | Bought a steaming mace for 184 gold pieces
 49709 | D:12     | Bought a twisted morningstar for 207 gold pieces
 49709 | D:12     | Identified the +5 morningstar of Duotidir {elec, +Rage rF++
                  | Int+7} (You bought it in a shop on level 12 of the Dungeon)
 49712 | D:12     | Identified the +6 mace of Mourning {vamp, Dex+3} (You
                  | bought it in a shop on level 12 of the Dungeon)
 49950 | Slime:1  | Entered Level 1 of the Pits of Slime
 49950 | Slime:1  | Noticed an acid blob
 49954 | Slime:1  | Killed an acid blob
 50260 | Slime:3  | Reached XP level 18. HP: 96/96 MP: 12/38
 51290 | Slime:1  | Offered knowledge of Shatter by Vehumet.
 51290 | Slime:1  | Offered knowledge of Ignition by Vehumet.
 51290 | Slime:1  | Offered knowledge of Absolute Zero by Vehumet.
 51425 | Slime:1  | Learned a level 9 spell: Absolute Zero
 51668 | Swamp:4  | Killed Bai Suzhen
 51669 | Swamp:4  | Reached skill level 22 in Ice Magic
 52975 | Swamp:4  | Reached skill level 10 in Dodging
 52981 | Swamp:4  | Found a blossoming altar of Fedhas.
 53407 | Swamp:4  | Found a basalt altar of Yredelemnul.
 53424 | Swamp:4  | Got a decaying rune of Zot
 53861 | Slime:2  | Gained mutation: Your spells are a little easier to cast,
                  | but a little less powerful. [a shining eye]
 53963 | Slime:2  | Gained mutation: Potions are less effective at restoring
                  | your health. [a shining eye]
 54239 | Slime:5  | Entered Level 5 of the Pits of Slime
 54445 | Slime:4  | Reached skill level 23 in Ice Magic
 54612 | Slime:4  | Reached XP level 19. HP: 76/100 MP: 34/39
 54752 | Slime:5  | Noticed the Royal Jelly
 54754 | Slime:5  | Killed the Royal Jelly
 55471 | Slime:5  | Found the +7 lajatang of Order {silver, rMut}
 55472 | Slime:5  | Identified a scroll of acquirement
 55474 | Slime:5  | Found the +3 hat of Pondering {ponderous, Will+ MP+10
                  | Int+5}
 55671 | Slime:5  | Got a steaming amber ring
 55716 | Slime:5  | Got a slimy rune of Zot
 55722 | Slime:5  | Got a shimmering lapis lazuli ring
 55737 | Slime:5  | Identified the ring "Jaaphiy" {+Fly rElec rC- rN+ Stlth+}
                  | (You found it on level 5 of the Pits of Slime)
 55740 | Slime:5  | Identified the ring of Feoprav {rF+ Dex+2} (You found it on
                  | level 5 of the Pits of Slime)
 55746 | Slime:5  | Got a ruby-encrusted leather armour
 55770 | Slime:5  | Identified the +3 leather armour of the Ward {rElec rPois
                  | rC++ Dex-4} (You found it on level 5 of the Pits of Slime)
 55809 | Slime:5  | Got a smoking great sword
 55810 | Slime:5  | Identified the +9 great sword of Benevolence {holy, *Rage
                  | +Blink rN+} (You found it on level 5 of the Pits of Slime)
 55821 | Slime:5  | Got a masterwork mace
 55822 | Slime:5  | Identified the +12 mace "Latey" {venom, rPois Int+3} (You
                  | found it on level 5 of the Pits of Slime)
 55825 | Slime:5  | Acquired 742 gold pieces
 56104 | Orc:2    | Bought a book of Burglary for 975 gold pieces
 56271 | Depths:1 | Entered Level 1 of the Depths
 56282 | Depths:1 | Lost mutation: Your spells are a little easier to cast, but
                  | a little less powerful. [potion of mutation]
 56282 | Depths:1 | Lost mutation: Potions are less effective at restoring your
                  | health. [potion of mutation]
 56282 | Depths:1 | Gained mutation: You can translocate small distances at
                  | will. [potion of mutation]
 56282 | Depths:1 | Gained mutation: You are robust. (+10% HP) [potion of
                  | mutation]
 56320 | Depths:1 | Noticed a lich
 56322 | Depths:1 | Killed a lich
 56357 | Depths:1 | Reached skill level 24 in Ice Magic
 56472 | Depths:1 | Found a gateway to Hell.
 56487 | Depths:1 | You fall into a shaft and drop 1 floor!
 56674 | Depths:1 | Found a runed translucent gate.
 56675 | Depths:1 | Found a runed translucent gate.
 56744 | Depths:1 | Found a runed translucent gate.
 56949 | Depths:1 | Noticed Padduona's ghost (adept MiFi)
 57318 | Depths:1 | Got a faintly humming helmet
 57329 | Depths:1 | Identified the +0 helmet "Basaotso" {Rampage Will+ Stlth+}
                  | (You found it on level 1 of the Depths)
 58205 | Depths:2 | Reached XP level 20. HP: 116/116 MP: 40/40
 58542 | Depths:2 | Found a one-way gate leading to the halls of Pandemonium.
 58779 | Depths:2 | Found a gateway to a ziggurat.
 60300 | Depths:3 | Got a transparent flail
 60301 | Depths:3 | Identified the cursed +1 flail "Sysuisk" {vorpal, Fragile
                  | rF+++ MP+9 Str+5} (You found it on level 3 of the Depths)
 60357 | Depths:3 | Reached skill level 15 in Dodging
 60421 | Depths:3 | Found a one-way gate to the infinite horrors of the Abyss.
 60544 | Depths:3 | Reached skill level 15 in Summonings
 61281 | Depths:3 | Reached XP level 21. HP: 121/121 MP: 41/41
 61421 | Depths:3 | Got a coiled lead ring
 61554 | Depths:3 | Paralysed by a floating eye for 4 turns
 61594 | Depths:3 | Noticed a golden dragon
 61595 | Depths:3 | Killed a golden dragon
 61733 | Depths:3 | Noticed a golden dragon
 61734 | Depths:3 | Killed a golden dragon
 61797 | Depths:3 | Noticed a caustic shrike
 61799 | Depths:3 | Killed a caustic shrike
 61821 | Depths:3 | Reached XP level 22. HP: 126/126 MP: 42/42
 62122 | Depths:3 | Identified the ring "Wavid" {+Inv rC- AC+4 Int+4 SInv} (You
                  | found it on level 3 of the Depths)
 62595 | Depths:4 | Noticed a golden dragon
 62600 | Depths:4 | Noticed a golden dragon
 62600 | Depths:4 | Noticed a golden dragon
 62603 | Depths:4 | Killed a golden dragon
 62955 | Depths:4 | Found Uhusaus's Distillery.
 62983 | Depths:4 | Found the +2 ratskin cloak {*Rats rPois rN+ Str-1 Int-1
                  | Dex+1}
 62993 | Depths:4 | Killed a golden dragon
 63249 | Depths:4 | Killed a golden dragon
 64043 | Depths:5 | Entered Level 5 of the Depths
 64080 | Depths:5 | Noticed a golden dragon
 64483 | Depths:5 | Killed a golden dragon
 64686 | Depths:5 | Found a gate to the Realm of Zot.
 65651 | Elf:1    | Entered Level 1 of the Elven Halls
 66047 | Elf:1    | Reached XP level 23. HP: 132/132 MP: 43/43
 66381 | Elf:1    | Noticed Jorgrun
 66389 | Elf:1    | Killed Jorgrun
 66607 | Elf:1    | Got a transparent ring mail
 66608 | Elf:1    | Identified the +3 ring mail of the Invisible Runes {Rampage
                  | Regen+ Dex+4} (You found it on level 1 of the Elven Halls)
 66726 | Elf:1    | Reached skill level 1 in Transmutations
 66934 | Elf:1    | Noticed lake5's ghost (adept GrEE)
 66945 | Elf:1    | Found a runed translucent door.
 66945 | Elf:1    | Found a shimmering altar of Xom.
 66951 | Elf:1    | Killed lake5's ghost
 67004 | Elf:1    | Identified the Grimoire of the Onion
 67015 | Elf:1    | Learned a level 7 spell: Malign Gateway
 67145 | Elf:2    | Reached skill level 1 in Translocations
 67186 | Elf:2    | Reached skill level 5 in Translocations
 67186 | Elf:2    | Reached XP level 24. HP: 136/136 MP: 43/43
 67395 | Elf:2    | Found a huge runed translucent gate.
 67395 | Elf:2    | Found a huge runed translucent gate.
 67395 | Elf:2    | Found a huge runed translucent gate.
 67395 | Elf:2    | Found a huge runed translucent gate.
 67397 | Elf:2    | Found a huge runed translucent gate.
 67515 | Elf:2    | Noticed Aizul
 67526 | Elf:2    | Killed Aizul
 68767 | Elf:3    | Entered Level 3 of the Elven Halls
 68861 | Elf:3    | Got a distressingly furry robe
 68862 | Elf:3    | Identified the +2 robe of Huokuhur {Will+ Int+2 Dex+3} (You
                  | found it on level 3 of the Elven Halls)
 68947 | Elf:3    | Noticed Saint Roka
 68952 | Elf:3    | Killed Saint Roka
 69352 | Elf:2    | Got a polished great mace
 69353 | Elf:2    | Identified the +5 great mace "Xasuik" {vorpal, rF- Dex+4
                  | Stlth+} (You found it on level 2 of the Elven Halls)
 69402 | Elf:3    | Identified the +2 ring mail of Articulation {rN+}
 69583 | Elf:3    | Reached skill level 10 in Translocations
 69612 | Elf:3    | Identified the +6 dagger of Armageddon {flame, rN++ Str+4}
 69658 | Elf:3    | Got a brightly glowing marble ring
 69659 | Elf:3    | Identified the ring of Qevvystroimp {+Blink rElec Will+
                  | Stlth+} (You found it on level 3 of the Elven Halls)
 69673 | Elf:3    | Identified the Grimoire of Supportive Black Secrets
 69675 | Elf:3    | Identified Further Progress in Thaumaturgy
 69702 | Elf:3    | Got a slimy hunting sling
 69711 | Elf:3    | Got a warped falchion
 69716 | Elf:3    | Identified the +1 falchion of Welfare {freeze, *Drain Str+2
                  | Int+3 Dex+3} (You found it on level 3 of the Elven Halls)
 69717 | Elf:3    | Identified the +9 hunting sling of Power {freeze, *Contam
                  | Int+4 Dex+7} (You found it on level 3 of the Elven Halls)
 69740 | Elf:3    | Identified the Handbook of the Damaging Arsonist
 70006 | Elf:3    | Found a runed translucent door.
 70006 | Elf:3    | Noticed suipiss's ghost (adept DEIE)
 70011 | Elf:3    | Killed suipiss's ghost
 70597 | Zot:1    | Entered Level 1 of the Realm of Zot
 70767 | Zot:1    | Reached skill level 15 in Spellcasting
 70908 | Zot:1    | Reached XP level 25. HP: 148/148 MP: 44/44
 71339 | Zot:1    | Reached skill level 10 in Necromancy
 71778 | Zot:1    | Reached skill level 5 in Transmutations
 71980 | Zot:1    | Got a warped golden ring
 72123 | Zot:1    | Identified the ring of Sueseask {Ice Slay+2 Stlth+} (You
                  | found it on level 1 of the Realm of Zot)
 72422 | Zot:2    | Learned a level 2 spell: Swiftness
 73722 | Zot:2    | Noticed an orb of fire
 73723 | Zot:2    | Killed an orb of fire
 74949 | Zot:4    | Reached XP level 26. HP: 157/161 MP: 45/46
 75127 | Zot:4    | Reached skill level 10 in Fighting
 75472 | Zot:4    | Reached skill level 10 in Transmutations
 76085 | Zot:5    | Entered Level 5 of the Realm of Zot
 76454 | Zot:5    | Noticed an ancient lich
 76455 | Zot:5    | Killed an ancient lich
 76457 | Zot:5    | Noticed an orb of fire
 76457 | Zot:5    | Noticed an orb of fire
 76459 | Zot:5    | Killed an orb of fire
 76474 | Zot:5    | Noticed an ancient lich
 76476 | Zot:5    | Killed an ancient lich
 76477 | Zot:5    | Killed an orb of fire
 76478 | Zot:5    | Noticed an orb of fire
 76479 | Zot:5    | Noticed an orb of fire
 76480 | Zot:5    | Killed an orb of fire
 76481 | Zot:5    | Reached skill level 15 in Necromancy
 76481 | Zot:5    | Noticed an ancient lich
 76485 | Zot:5    | Killed an orb of fire
 76486 | Zot:5    | Reached XP level 27. HP: 162/171 MP: 43/48
 76486 | Zot:5    | Noticed an ancient lich
 76501 | Zot:5    | Killed an ancient lich
 76537 | Zot:5    | Killed an ancient lich
 76762 | Zot:5    | Noticed an ancient lich
 76816 | Zot:5    | Noticed an ancient lich
 76818 | Zot:5    | Killed an ancient lich
 76822 | Zot:5    | Noticed an orb of fire
 76824 | Zot:5    | Killed an orb of fire
 76830 | Zot:5    | Noticed an orb of fire
 76832 | Zot:5    | Killed an orb of fire
 76852 | Zot:5    | Noticed an ancient lich
 76856 | Zot:5    | Noticed an ancient lich
 76858 | Zot:5    | Killed an ancient lich
 76865 | Zot:5    | Killed an ancient lich
 76879 | Zot:5    | Noticed an ancient lich
 76879 | Zot:5    | Noticed an ancient lich
 76898 | Zot:5    | Killed an ancient lich
 76900 | Zot:5    | Killed an ancient lich
 76901 | Zot:5    | Killed an ancient lich
 77320 | Zot:5    | Got the Orb of Zot
 77372 | Zot:5    | Noticed Ysem Aso the pandemonium lord
 77376 | Zot:5    | Killed Ysem Aso the pandemonium lord
 77417 | Zot:3    | Noticed a seraph
 77418 | Zot:3    | Killed a seraph
 77576 | Depths:1 | Noticed Tege the pandemonium lord
 77577 | Depths:1 | Killed Tege the pandemonium lord
 77616 | Depths:1 | Noticed Rievumisch the pandemonium lord
 77618 | Depths:1 | Killed Rievumisch the pandemonium lord
 77902 | D:$      | Escaped with the Orb!

Illustrated notes

Levels and vault maps discovered:
D:1:      giann_horns, layout_rooms
D:2:      layout_basic
D:3:      layout_loops_ring, lemuel_crystal_altar, minmay_misc_feat_ornament,
          cheibrodos_ashenzari_chains
D:4:      layout_basic, minmay_liquid_box, minmay_crystal_water
D:5:      layout_rooms, minmay_temple_entry_gardened_gates
D:6:      layout_gridville, uniq_sigmund
D:7:      layout_layer_cave, serial_shops,
          nicolae_shop_temple_entry_statues_fountains, shop, shop,
          nicolae_shop_waterfront, nicolae_shop_waterfront, uniq_joseph,
          uniq_crazy_yiuf_cottage, uniq_duvessa
D:8:      layout_cave_pods, grunt_lair_entry_orc_guard_hut, minmay_ruffians
D:9:      layout_roguey, basic_altar, uniq_erica
D:10:     layout_roguey, minmay_orc_entry_temple_small, serial_shops,
          shop_statue, fedhas_bush_and_centaur_altar
D:11:     layout_long_grid, serial_shops, shop
D:12:     layout_basic, enter_bailey_3, serial_shops, shop, uniq_erolcha,
          uniq_nergalle
D:13:     minmay_general_purpose_star, layout_gridville,
          grunt_vaults_entry_tiered, nicolae_alphabet_shops
D:14:     layout_basic, serial_shops, shop_fountains, kennysheep_pointless_box,
          uniq_rupert
D:15:     gammafunk_depths_entry_grave, layout_grid_maze, portal_ice_cave_rime,
          dk_noncrumbling_4, basic_altar, serial_shops, nicolae_shop_stone,
          evilmike_butchery, uniq_roxanne
Temple:   kilobyte_greek_temple
Lair:1:   dragon1_lemuel, layout_regular_city, grunt_megastairs_5,
          minmay_lair_oklob_chamber, serial_bayou_shore_a, uniq_gastronok
Lair:2:   layout_hall_layers
Lair:3:   wad_woods_settlement, layout_layer_cave,
          nicolae_swamp_entry_splash_gauntlet, st_stairs_5, lemuel_fruit_tree,
          lemuel_fruit_fields
Lair:4:   layout_concentric_octagons, nicolae_spider_entry_orb_guardian,
          beast_lair_carwin_9
Lair:5:   gammafunk_boulding_lane, layout_regular_city, slime_dummy,
          chequers_serial_rivers_room_b, beast_lair_carwin_4, grunt_megastairs_3
Lair:6:   evilmike_catoblepas_cave, layout_regular_city
Swamp:1:  layout_falls_marsh, nicolae_swamp_rocky_clearing
Swamp:2:  layout_basic_swamp, evilmike_swamp_ruin_house_2, uniq_kirke,
          uniq_louise
Swamp:3:  layout_basic_swamp, serial_swamp_ruin, evilmike_swamp_ruin_house_5,
          evilmike_swamp_ruin_rubble_1, evilmike_swamp_ruin_rubble_2
Swamp:4:  byrel_swamp_growth_death_and_undeath, layout_basic_swamp,
          uniq_bai_suzhen
Spider:1: layout_chambers
Spider:2: layout_spider_delve, worms_lemuel
Spider:3: layout_spider_delve
Spider:4: spider_rune_water
Slime:1:  cheibrodos_slime_lost_civilization_10, layout_caves
Slime:2:  layout_caves
Slime:3:  layout_caves
Slime:4:  layout_caves
Slime:5
Orc:1:    layout_caves, basic_altar
Orc:2:    grunt_orc_cross, layout_caves, serial_shops,
          nicolae_shop_temple_entry_statues_fountains, shop_statue,
          nicolae_shop_waterfront
Elf:1:    layout_geoelf_octagon, ebering_ghost_xom,
          hangedman_elven_crosses_minicolossus, uniq_jorgrun
Elf:2:    layout_geoelf_grid, uniq_aizul
Elf:3:    elf_hall, layout_geoelf_grid, ebering_ghost_inner_flame,
          uniq_saint_roka
Depths:1: layout_basic, grunt_metal_band, chequers_serial_rivers_micro_d,
          gammafunk_ghost_ooze, minmay_tree_intersection,
          minmay_the_grid_square_5x5_3x3_mashed [minmay_the_grid_square_5x5_two,
          minmay_the_grid_square_5x5_inner_z, minmay_the_grid_square_5x5_slash,
          minmay_the_grid_square_5x5_plus,
          minmay_the_grid_square_5x5_megaprize_hollow,
          minmay_the_grid_square_5x5_inner_i,
          minmay_the_grid_square_5x5_pentomino_r,
          minmay_the_grid_square_5x5_lines, minmay_the_grid_square_5x5_n_small]
Depths:2: dpeg_oklob_shooting_range, layout_gridlike, enter_ziggurat_f,
          rand_demon_pan_entry_8, hangedman_coc_ice_floe
Depths:3: kennysheep_large_spiral, layout_cave_shapes, abyss_entry, hell_entry,
          grunt_pan_entry_spiral, lemuel_old_faithful,
          infiniplex_staircase_spiral, grunt_megastairs_1
Depths:4: minmay_strange_plus, layout_long_grid, chequers_jeans,
          nicolae_abyss_entry_one_way_or_another, hell_entry,
          infiniplex_staircase_zigzag_4, minmay_shop_star, serial_bayou_shore_b
Depths:5: evilmike_zot_entry_basic, layout_gridville, hell_entry,
          minmay_misc_feat_five, hangedman_abyss_entry_splay
Zot:1:    layout_basic
Zot:2:    layout_concentric_octagons
Zot:3:    layout_twisted_circle
Zot:4:    layout_misc_corridors, st_single_dragon_hoard_4
Zot:5:    layout_misc_corridors

Skill      XL: |  1  2  3  4  5  6  7  8  9 10 11 12 13 14 15 16 17 18 19 20 21 22 23 24 25 26 27 |
---------------+----------------------------------------------------------------------------------+-----
Summonings     | 1 2 3 4 5 8 10 11 12 15 16 19 20 | 20.0
Spellcasting   | 4 5 7 8 9 11 13 14 15 17 19 21 | 21.2
Ice Magic      | 5 6 7 9 10 12 14 15 16 17 20 21 23 24 | 24.2
Shields        | 2 4 |  4.0
Hexes          | 3 |  3.0
Conjurations   | 7 10 12 13 14 | 14.0
Armour         | 3 6 8 9 10 | 10.0
Necromancy     | 1 5 8 9 12 15 17 | 17.3
Fighting       | 1 3 5 7 9 11 13 | 13.3
Dodging        | 3 6 8 11 13 15 17 18 19 | 19.1
Transmutations | 1 8 11 14 | 14.3
Translocations | 5 11 | 11.0
Stealth        | |  2.4

Action                   |  1- 3 |  4- 6 |  7- 9 | 10-12 | 13-15 | 16-18 | 19-21 | 22-24 | 25-27 || total
-------------------------+-------+-------+-------+-------+-------+-------+-------+-------+-------++-------
Melee: Unarmed           |    12 |       |       |       |       |       |       |       |       ||    12
       Short sword       |     1 |    74 |    36 |       |       |       |       |       |       ||   111
       Dagger            |       |       |    60 |    32 |       |       |       |       |       ||    92
       Mace              |       |       |       |    27 |    25 |    37 |       |       |       ||    89
       Morningstar       |       |       |       |       |       |       |     4 |       |       ||     4
       Flail             |       |       |       |       |       |       |     4 |     5 |    18 ||    27
 Cast: Freeze            |    50 |    15 |    21 |    24 |     7 |     1 |     2 |       |       ||   120
       Frozen Ramparts   |     2 |    20 |    30 |    34 |     4 |     2 |     1 |       |       ||    93
       Hailstorm         |       |     6 |    65 |   113 |    16 |     2 |     5 |     1 |     1 ||   209
       Summon Ice Beast  |       |     2 |    35 |    27 |     9 |       |       |       |       ||    73
       Summon Lightning  |       |       |       |     8 |       |       |       |       |       ||     8
       Ozocubu's Refrige |       |       |       |    85 |   290 |   386 |   130 |    80 |    47 ||  1018
       Orb of Destructio |       |       |       |     2 |    35 |    84 |       |       |       ||   121
       Fireball          |       |       |       |       |    23 |       |       |     1 |       ||    24
       Freezing Cloud    |       |       |       |       |     1 |       |       |       |       ||     1
       Summon Mana Viper |       |       |       |       |       |    10 |       |       |       ||    10
       Spellforged Servi |       |       |       |       |       |     8 |       |       |       ||     8
       Ozocubu's Armour  |       |       |       |       |       |     1 |       |       |       ||     1
       Absolute Zero     |       |       |       |       |       |    41 |    97 |   186 |   198 ||   522
       Blink             |       |       |       |       |       |       |     1 |     1 |       ||     2
       Malign Gateway    |       |       |       |       |       |       |       |     2 |     2 ||     4
       Swiftness         |       |       |       |       |       |       |       |       |     3 ||     3
Evoke: Wand              |       |       |     9 |       |     1 |     5 |       |       |     4 ||    19
       Lightning rod     |       |       |       |       |     4 |     6 |       |       |     2 ||    12
       Condenser vane    |       |       |       |       |     1 |     3 |     1 |       |       ||     5
       Phial of floods   |       |       |       |       |       |     1 |       |       |       ||     1
  Use: Scroll            |       |     4 |     1 |     7 |    21 |    17 |    10 |    11 |     7 ||    78
       Potion            |       |     1 |     2 |     2 |       |     4 |     7 |     5 |    19 ||    40
 Stab: Distracted        |     1 |       |     1 |       |     1 |     1 |       |       |       ||     4
       Sleeping          |       |     3 |     3 |       |       |       |       |       |       ||     6
Armor: Robe              |     2 |     9 |    25 |    17 |     7 |       |       |       |       ||    60
       Ice dragon scales |       |       |       |       |    18 |   121 |    17 |    14 |    25 ||   195
       Ring mail         |       |       |       |       |     1 |       |       |       |       ||     1
Dodge: Dodged            |    34 |    71 |    90 |    52 |    25 |   119 |    33 |    22 |    53 ||   499
Block: Buckler           |       |       |    21 |    24 |    18 |    72 |    15 |     9 |     7 ||   166
